AoeStats
← Master Commander

Arabia

505028464Analyzed
1v1 RM · 24d ago on Sep 7, 2026· 34m 21s· 2 players
Game mode
Random Map
Map size
Tiny (2 player)
Population
200
Speed
Normal
Resources
Standard
Victory
Conquest
Starting age
Dark Age
Ending age
Imperial Age
RankedLock teamsTeams togetherTeam positionsShared explorationLock speedFull tech treeHidden civsTurbo modeCheats
Victory
Defeat
🇵🇱 Franks · Poland
967
+16
🇨🇦 Burmese · Canada
968
-16
темный Шакал
2:34 Loom
10:35 Feudal Age
15:01 Forging
20:18 Castle Age
18:20 Double-Bit Axe
18:34 Stone Mining
19:06 Gold Mining
19:39 Scale Barding Armor
20:28 Town Watch
22:43 Wheelbarrow
25:00 Bow Saw
27:50 Town Patrol
31:19 Iron Casting
31:04 Chain Barding Armor
32:57 Scale Mail Armor
33:41 #83
Master Commander
8:14 Loom
10:41 Feudal Age
13:33 Wheelbarrow
13:58 Horse Collar
14:40 Forging
14:37 Town Watch
21:37 Castle Age
20:31 Arson
21:37 Scale Mail Armor
22:17 Pikeman
23:48 Squires
24:27 Iron Casting
24:53 Chain Mail Armor
25:11 Gambesons
26:20 Heavy Plow
28:41 Hand Cart
31:49 Town Patrol
Connection lost

Rejoining the realm…

Still unreachable

The connection could not be restored.

Session expired

The server has moved on; the page needs a fresh start.